 Dungeon Crawl Stone Soup version 0.27.0-1-g7a089689b8 (webtiles) character file.

Game seed: 10970015179999002736

2807 Brandom the Nimble (level 9, -13/71 HPs)
             Began as a Merfolk Wanderer on Aug 11, 2021.
             Was an Elder of Cheibriados.
             Mangled by a two-headed ogre (21 damage)
             ... on level 8 of the Dungeon.
             The game lasted 00:21:45 (7669 turns).

Brandom the Nimble (Merfolk Wanderer)               Turns: 7669, Time: 00:21:46

Health: -13/71     AC: 13    Str: 25    XL:     9   Next: 72%
Magic:  9/11       EV: 16    Int: 21    God:    Cheibriados [****..]
Gold:   406        SH:  0    Dex: 23    Spells: 8/8 levels left

rFire    + . .     SeeInvis .   i - +6 whip (freeze)
rCold    . . .     Faith    .   (no shield)
rNeg     . . .     Spirit   .   y - +1 chain mail {rF+}
rPois    .         Reflect  .   (no helmet)
rElec    .         Harm     .   n - +2 cloak
rCorr    .         Rampage  .   (no gloves)
Will     +....                  (no boots)
Stlth    ..........             e - amulet of magic regeneration
HPRegen  0.21/turn              k - ring of willpower
MPRegen  0.37/turn              p - +4 ring of slaying

@: unable to read, studying Dodging, very slow
A: (nimble swimmer 2), mertail, clever 1, low mp 1, inability to read while
threatened
a: Renounce Religion, Bend Time, Temporal Distortion, Slouch


You were on level 8 of the Dungeon.
You worshipped Cheibriados.
Cheibriados was greatly pleased with you.
You visited 1 branch of the dungeon, and saw 8 of its levels.

You collected 406 gold pieces.

Inventory:

Hand Weapons
 a - a +2 spear
 g - a +0 trident
   (You found it on level 1 of the Dungeon)
 i - a +6 whip of freezing (weapon)
   (You took it off a kobold on level 1 of the Dungeon)
 z - a +1 spear of venom
   (You took it off a wight on level 7 of the Dungeon)
Missiles
 d - 3 boomerangs (quivered)
Armour
 b - a +0 ring mail
 n - a +2 cloak (worn)
   (You found it on level 4 of the Dungeon)
 x - a +0 chain mail
   (You found it on level 5 of the Dungeon)
 y - a +1 chain mail of fire resistance (worn)
   (You found it on level 5 of the Dungeon)
Jewellery
 e - an amulet of magic regeneration (around neck)
   (You found it on level 1 of the Dungeon)
 k - a ring of willpower (left hand)
   (You found it on level 1 of the Dungeon)
 p - a +4 ring of slaying (right hand)
   (You found it on level 2 of the Dungeon)
 C - a ring of willpower
   (You found it on level 6 of the Dungeon)
Wands
 t - a wand of flame (17)
   (You found it on level 5 of the Dungeon)
Scrolls
 h - a scroll of fog
 l - a scroll of noise {!r}
 s - 3 scrolls of teleportation {@r4}
Potions
 f - 2 potions of attraction {!q}
 o - 6 potions of degeneration {!q}
 w - 2 potions of heal wounds {@q2}
 A - a potion of brilliance
 B - 2 potions of flight


   Skills:
 + Level 6.6 Fighting
 - Level 1.5 Maces & Flails
 + Level 8.0 Polearms
 + Level 4.0 Throwing
 + Level 3.9 Armour
 * Level 11.6 Dodging
 - Level 1.1 Stealth
 + Level 5.1 Invocations
 - Level 1.0 Evocations


You had 8 spell levels left.
You didn't know any spells.
Your spell library contained the following spells:

 Spells                   Type           Power      Damage    Failure   Level
 Magic Dart               Conj           0%         1d3       75%         1
 Summon Small Mammal      Summ           0%         N/A       75%         1
 Call Imp                 Summ           0%         N/A       87%         2
 Call Canine Familiar     Summ           0%         N/A       98%         3
 Mephitic Cloud           Conj/Pois/Air  0%         N/A       98%         3
 Summon Guardian Golem    Hex/Summ       0%         N/A       98%         3
 Fulminant Prism          Conj/Hex       0%         3d6       100%        4
 Iskenderun's Mystic Bla  Conj/Tloc      0%         2d3       100%        4
 Lee's Rapid Deconstruct  Erth           0%         3d5*      100%        5


Dungeon Overview and Level Annotations

Branches:
Dungeon (8/15)             Temple (0/1) D:4
   Lair: D:8-11

Altars:
Cheibriados
Dithmenos
Fedhas
Hepliaklqana
Kikubaaqudgha
Okawaru
Qazlal
Ru
Sif Muna


Innate Abilities, Weirdness & Mutations

((You are quick and stealthy near water. (Stealth+, EV+, Speed+++)))
Your lower body shifts to a powerful aquatic tail in water.
Your mind is acute. (Int +2)
Your magical capacity is low. (-10% MP)
You sometimes lose the ability to read scrolls when taking damage.


Message History

You hear the brisk hiss of a very distant avalanche of sand.
You hear the brisk hiss of a very distant avalanche of sand.
There is a large open door here.
A two-headed ogre comes into view.
It is wielding a +0 giant spiked club and a +0 giant club.
The two-headed ogre shouts in stereo!
Throw: 3 boomerangs
Aim: a two-headed ogre, wielding a +0 giant spiked club and a +0 giant club (81% to hit)
You throw a boomerang. The boomerang hits the two-headed ogre!
Throw: 3 boomerangs
Aim: a two-headed ogre, wielding a +0 giant spiked club and a +0 giant club (lightly wounded, 81% to hit)
You throw a boomerang. The boomerang hits the two-headed ogre.
A two-headed ogre comes into view.
It is wielding a +0 giant club and a +0 giant spiked club.
You hear the quick hiss of a very distant avalanche of sand.
The two-headed ogre shouts in stereo!
Okay, then.
Okay, then.
Okay, then.
Throw: 3 javelins
Aim: a two-headed ogre, wielding a +0 giant club and a +0 giant spiked club (81% to hit)
You throw a javelin.
The javelin pierces through the two-headed ogre!
The javelin pierces through the two-headed ogre!
Throw: 2 javelins
Aim: a two-headed ogre, wielding a +0 giant club and a +0 giant spiked club (moderately wounded, 82% to hit)
You throw a javelin.
The javelin barely misses the two-headed ogre.
The javelin pierces through the two-headed ogre!
The two-headed ogre closely misses you.
The two-headed ogre hits you with a +0 giant club.
Throw: javelin
Aim: a two-headed ogre, wielding a +0 giant club and a +0 giant spiked club (heavily wounded, 82% to hit)
You throw a javelin.
The javelin barely misses the two-headed ogre.
The javelin pierces through the two-headed ogre.
The two-headed ogre closely misses you.
The two-headed ogre hits you with a +0 giant club!
The flow of time bends around you.
Cheibriados rebukes the two-headed ogre.
The two-headed ogre seems to slow down.
Cheibriados rebukes the two-headed ogre.
The two-headed ogre seems to slow down.
The two-headed ogre hits you with a +0 giant club!
You feel threatened and lose the ability to read scrolls!
The two-headed ogre hits you with a +0 giant spiked club!
* * * LOW HITPOINT WARNING * * *
You hit the two-headed ogre but do no damage.
The two-headed ogre hits you with a +0 giant spiked club!
* * * LOW HITPOINT WARNING * * *
The two-headed ogre hits you with a +0 giant club!!
You die...

'..# '(.# #..# #..#
#..# #..# #..# #OO#
#@.# ############
###''#
...........###.#..#
#.###.............#
#.# #......########
#†###....#.#
#†##..♣P...#
#.....PP..##
#.#..♣.).##


You could see 2 two-headed ogres.

Vanquished Creatures
  A cyclops (D:7)
  Eustachio (D:5)
  Menkaure (D:6)
  An orc warrior (D:8)
  2 sky beasts
  2 ogres
  A hornet zombie (D:8)
  2 centaurs
  3 bullfrogs (D:7)
  3 scorpions
  2 water moccasin skeletons (D:5)
  4 killer bees (D:8)
  6 wights (D:7)
  A centaur zombie (D:8)
  A bullfrog zombie (D:6)
  3 hounds
  2 orc priests (D:7)
  A bullfrog skeleton (D:5)
  2 iguanas
  7 orc wizards
  A hound skeleton (D:5)
  3 adders
  A white imp (D:6)
  3 ufetubi
  A worm (D:2)
  A dart slug (D:3)
  15 orcs
  4 ball pythons
  12 endoplasms
  5 giant cockroaches
  3 goblins
  6 hobgoblins
  9 jackals
  9 kobolds
  6 quokkas
  6 bats
  2 frilled lizards
  3 rats
136 creatures vanquished.

Vanquished Creatures (others)
  20 plants (D:1)
20 creatures vanquished.

Grand Total: 156 creatures vanquished

Notes
Turn   | Place    | Note
-------+----------+-------------------------------------------
     0 | D:1      | Brandom the Merfolk Wanderer began the quest for the Orb.
     0 | D:1      | Brandom set off with the following items: a +2 spear, a +0
                  | ring mail, a potion of curing {@q1}
     0 | D:1      | Reached XP level 1. HP: 18/18 MP: 1/1
   141 | D:1      | Reached XP level 2. HP: 15/24 MP: 2/2
   145 | D:1      | Reached skill level 1 in Dodging
   637 | D:1      | Reached XP level 3. HP: 17/30 MP: 3/3
  1302 | D:1      | Found a faded altar of an unknown god.
  1311 | D:1      | Became a worshipper of Cheibriados the Contemplative
  1311 | D:1      | Reached * piety under Cheibriados
  1908 | D:2      | Reached skill level 2 in Dodging
  2151 | D:2      | Reached XP level 4. HP: 37/37 MP: 4/4
  2447 | D:3      | Found a hazy altar of Hepliaklqana.
  2502 | D:3      | Found an iron altar of Okawaru.
  2528 | D:3      | Reached ** piety under Cheibriados
  2633 | D:3      | Found a stormy altar of Qazlal.
  3027 | D:4      | Noticed a scorpion
  3031 | D:4      | Killed a scorpion
  3032 | D:4      | Reached skill level 1 in Invocations
  3032 | D:4      | Reached XP level 5. HP: 42/42 MP: 4/6
  3045 | D:4      | Found a staircase to the Ecumenical Temple.
  3117 | D:4      | Reached skill level 3 in Dodging
  3403 | D:4      | Reached XP level 6. HP: 33/49 MP: 7/7
  3413 | D:4      | Reached skill level 5 in Polearms
  3616 | D:4      | Identified a scroll of acquirement
  3617 | D:4      | Acquired a manual of Dodging
  3679 | D:4      | Reached *** piety under Cheibriados
  3987 | D:4      | Reached skill level 4 in Dodging
  4118 | D:4      | Found a blossoming altar of Fedhas.
  4213 | D:5      | Entered Level 5 of the Dungeon
  4411 | D:5      | Found a snail-covered altar of Cheibriados.
  4527 | D:5      | Reached XP level 7. HP: 55/55 MP: 8/8
  4577 | D:5      | Reached skill level 5 in Dodging
  4648 | D:5      | Reached skill level 1 in Throwing
  4659 | D:5      | Reached skill level 5 in Fighting
  4671 | D:5      | Reached skill level 6 in Dodging
  4699 | D:5      | Found an ancient bone altar of Kikubaaqudgha.
  4705 | D:5      | Found a sacrificial altar of Ru.
  4705 | D:5      | Found a shimmering blue altar of Sif Muna.
  4722 | D:5      | Noticed Eustachio
  4726 | D:5      | Killed Eustachio
  4727 | D:5      | Reached skill level 7 in Dodging
  4727 | D:5      | Reached XP level 8. HP: 62/62 MP: 10/10
  5416 | D:6      | Noticed Menkaure
  5424 | D:6      | Killed Menkaure
  5425 | D:6      | Reached skill level 8 in Dodging
  5616 | D:6      | Found a shadowy altar of Dithmenos.
  5982 | D:6      | Reached **** piety under Cheibriados
  6350 | D:7      | Gained mutation: Your magical capacity is low. (-10% MP)
                  | [potion of mutation]
  6350 | D:7      | Gained mutation: Your mind is acute. (Int +2) [potion of
                  | mutation]
  6350 | D:7      | Gained mutation: You sometimes lose the ability to read
                  | scrolls when taking damage. [potion of mutation]
  6384 | D:7      | Reached skill level 9 in Dodging
  6583 | D:7      | Reached XP level 9. HP: 62/69 MP: 9/10
  6657 | D:7      | Reached skill level 10 in Dodging
  6735 | D:7      | Noticed a cyclops
  6742 | D:7      | Killed a cyclops
  6895 | D:7      | Reached skill level 11 in Dodging
  7370 | D:8      | Reached skill level 5 in Invocations
  7661 | D:8      | Noticed a two-headed ogre
  7663 | D:8      | Noticed a two-headed ogre
  7669 | D:8      | Mangled by a two-headed ogre

Illustrated notes

Levels and vault maps discovered:
D:1:      dpeg_arrival_court, layout_basic, basic_ecumenical_altar,
          serial_bayou_lagoon_b
D:2:      layout_basic
D:3:      layout_rooms, nicolae_qazlal_scattered_showers,
          okawaru_metal_pillars_1_2, nicolae_hepliaklqana_hippocampus,
          minmay_misc_feat_alley
D:4:      layout_basic, kennysheep_mini, minmay_temple_entry_ruins
D:5:      layout_loops_corners, mainiacjoe_overflow_tiny_flanked,
          grunt_temple_overflow_open, corexii_leaking_fountain, uniq_eustachio
D:6:      layout_loops_ring, grunt_dithmenos_smoke, bh_walls_and_bars,
          uniq_menkaure
D:7:      layout_gridville
D:8:      layout_loops_corners, enter_ossuary_4, serial_park_tiny_2,
          hellmonk_guarded_unrand_dark_maul

Skill      XL: |  1  2  3  4  5  6  7  8  9 |
---------------+----------------------------+-----
Dodging        | 1 2 3 4 7 9 11 | 11.6
Polearms       | 4 5 6 7 8 |  8.0
Fighting       | 4 5 6 |  6.6
Invocations    | 1 2 3 4 5 |  5.1
Armour         | 2 3 |  3.9
Throwing       | 2 3 4 |  4.0
Maces & Flails | |  1.5
Stealth        | |  1.1
Evocations     | |  1.0

Action                   |  1- 3 |  4- 6 |  7- 9 || total
-------------------------+-------+-------+-------++-------
Melee: Spear             |    36 |       |     7 ||    43
       Trident           |    57 |       |       ||    57
       Whip              |    38 |    87 |   134 ||   259
Throw: Javelin           |       |     4 |    18 ||    22
       Boomerang         |       |       |    37 ||    37
Invok: Bend Time         |       |       |     1 ||     1
       Slouch            |       |       |     1 ||     1
Evoke: Wand              |       |       |     1 ||     1
  Use: Potion            |       |     3 |     3 ||     6
       Scroll            |       |     5 |    10 ||    15
 Stab: Sleeping          |       |     3 |       ||     3
Armor: Ring mail         |    59 |    23 |       ||    82
       Chain mail        |       |     2 |    67 ||    69
Dodge: Dodged            |    84 |    46 |   125 ||   255
